 Dungeon Crawl Stone Soup version 0.31-a0-354-g827e0957a7 (webtiles) character file.

Game seed: 8677010002571465735

176 Bnni the Changeling (level 5, 0/35 HPs)
             Began as an Octopode Shapeshifter on July 24, 2023.
             Slain by a black bear (1 damage)
             ... on level 4 of the Dungeon.
             The game lasted 00:03:04 (2424 turns).

Bnni the Changeling (Octopode Shapeshifter)         Turns: 2424, Time: 00:03:05

Health: 0/35       AC:  3    Str: 15    XL:     5   Next: 56%
Magic:  5/5        EV: 13    Int: 10    God:
Gold:   40         SH:  0    Dex: 14    Spells: 4/4 levels left

rFire   . . .        d - +3 dagger (venom)
rCold   . . .        (no shield)
rNeg    . . .        l - +2 hat
rPois   +            o - amulet of regeneration
rElec   .            s - ring of poison resistance
rCorr   .            (no ring)
SInv    .            (no ring)
Will    .....        (no ring)
Stlth   ++           (no ring)
HPRegen 1.05/turn    (no ring)
MPRegen 0.09/turn    (no ring)
                     (no ring)

%: no passive effects
@: no status effects
A: almost no armour, amphibious, 8 rings, camouflage 1, gelatinous body 1,
(nimble swimmer 1), tentacles
a: no special abilities


You were on level 4 of the Dungeon.
You visited 1 branch of the dungeon, and saw 4 of its levels.

You collected 40 gold pieces.

Inventory:

Hand Weapons
 d - a +3 dagger of venom (weapon)
Missiles
 m - 4 poisoned darts
Armour
 l - a +2 hat (worn)
Jewellery
 o - an amulet of regeneration (around mantle)
 s - a ring of poison resistance (left tentacle)
Talismans
 b - a beast talisman
 p - a granite talisman
Wands
 r - a wand of polymorph (2)
Scrolls
 c - a scroll of silence {unknown}
 i - a scroll of immolation {unknown}
 j - 2 scrolls of identify {unknown}
 k - a scroll of noise {unknown}
 q - a scroll of enchant armour {unknown}
Potions
 a - a potion of lignification
 e - a potion of heal wounds {unknown}
 f - a potion of invisibility {unknown}
 g - 2 potions of curing {unknown}
 h - a potion of ambrosia {unknown}
 n - a potion of berserk rage {unknown}


   Skills:
 + Level 2.5 Fighting
 - Level 2.0 Dodging
 + Level 3.9 Unarmed Combat
 * Level 4.3 Shapeshifting


You had 4 spell levels left.
You didn't know any spells.
Your spell library contained the following spells:

 Spells                   Type           Power      Damage    Failure   Level
 Sublimation of Blood     Necr           0%         N/A       50%         2
 Call Canine Familiar     Summ           0%         N/A       75%         3
 Portal Projectile        Hex/Tloc       0%         N/A       75%         3
 Leda's Liquefaction      Hex/Erth       0%         N/A       98%         4
 Petrify                  Tmut/Erth      0%         N/A       98%         4
 Irradiate                Conj/Tmut      0%         3d11      100%        5


Dungeon Overview and Level Annotations

Branches:
Dungeon (4/15)
 Temple: D:4-7

Altars:

Shops:
D:1 :   D:2 (


Innate Abilities, Weirdness & Mutations

You cannot wear most types of armour.
You are amphibious.
You can wear up to eight rings at the same time.
Your skin changes colour to match your surroundings (Stealth+).
Your rubbery body absorbs attacks. (AC +1, EV +1)
((You are camouflaged when in or above water. (Stealth+)))
You have tentacles for arms and can constrict up to eight enemies at once.


Message History

You closely miss the jackal. You grab the jackal. You squeeze the jackal.
The jackal is almost dead.
You constrict the jackal.
You kill the jackal!
No target in view!
No target in view!
A black bear comes into view.
The black bear growls angrily.
The jackal barks!
Found a stone staircase leading up.
The black bear attacks as you move away!
The black bear bites you! The black bear barely misses you.
The black bear completely misses you.
Found 17 gold pieces.
You hit the black bear.
The black bear is poisoned.
You grab the black bear. You tentacle-slap the black bear.
The black bear is moderately wounded.
You constrict the black bear. The black bear barely misses you.
The black bear claws you. x2
You hit the black bear.
The black bear looks even sicker.
The black bear is heavily wounded.
You constrict the black bear. The black bear bites you.
The black bear claws you. The black bear closely misses you.
You completely miss the black bear. Your squeeze misses the black bear.
The black bear is heavily wounded.
You constrict the black bear. The black bear bites you!
The black bear closely misses you. The black bear claws you.
You hit the black bear.
The black bear looks as sick as possible!
The black bear is severely wounded.
You constrict the black bear.
The black bear goes berserk!
Unknown command.
You hit the black bear.
The black bear looks as sick as possible!
The black bear is severely wounded.
You constrict the black bear. The black bear bites you!
* * * LOW HITPOINT WARNING * * *
The black bear claws you.
* * * LOW HITPOINT WARNING * * *
The black bear claws you.
You die...

.##.. #.. ......
#######.# ......
[.......# #....
........# #####..#
........#####.....#
........#<......h##
........#.#...##h#
........#...####@#
........#..## #.#
..........## ...
..........# .....
####....### ..#...$
####....... ..##.<...
........###### #.....#
.........#######.....#
#.#....<.......


You could see a black bear (berserk, extremely poisoned) and a jackal.

Vanquished Creatures
  A sleepcap (D:4)
  An orc wizard (D:3)
  5 adders
  A worm (D:3)
  5 dart slugs
  6 orcs
  7 ball pythons
  3 bats
  3 endoplasms
  2 giant cockroaches (D:2)
  5 hobgoblins
  A jackal (D:4)
  2 quokkas
  5 frilled lizards
  4 goblins
  8 kobolds
  8 rats
67 creatures vanquished.

Notes
Turn   | Place    | Note
-------+----------+-------------------------------------------
     0 | D:1      | Bnni the Octopode Shapeshifter began the quest for the Orb.
     0 | D:1      | Reached XP level 1. HP: 13/13 MP: 1/1
   113 | D:1      | Found Afofazxyzy's Vocational Training.
   119 | D:1      | Reached XP level 2. HP: 13/18 MP: 2/2
   453 | D:2      | Found Zeosedih's Antique Weapon Emporium.
   456 | D:2      | Reached XP level 3. HP: 23/23 MP: 3/3
   622 | D:2      | HP: 1/23 [adder (1)]
  1148 | D:2      | Reached XP level 4. HP: 29/29 MP: 4/4
  1421 | D:3      | Reached skill level 4 in Shapeshifting
  1647 | D:3      | Reached XP level 5. HP: 34/34 MP: 5/5
  1754 | D:3      | Found a faded altar of an unknown god.
  2414 | D:4      | Noticed a black bear
  2424 | D:4      | HP: 1/35 [black bear (4)]
  2424 | D:4      | Slain by a black bear

Illustrated notes

Levels and vault maps discovered:
D:1:      lightli_arrival_noodles, layout_basic, nicolae_shop_vocational
D:2:      layout_basic, serial_shops, nicolae_shop_back_alley_shop,
          dk_noncrumbling_3, grunt_ministairs_8
D:3:      minmay_skewed_foursquare, layout_basic,
          chequers_ecumenical_altar_simple_redux
D:4:      layout_rooms, lemuel_doored_altar, st_stairs_6

Skill      XL: |  1  2  3  4 |
---------------+-------------+-----
Fighting       | 2 |  2.5
Shapeshifting  | 4 |  4.3
Dodging        | |  2.0
Unarmed Combat | |  3.9

Action                     |  1- 3 |  4- 6 || total
---------------------------+-------+-------++-------
  Melee: Dagger            |    47 |    72 ||   119
         Unarmed           |     2 |       ||     2
         Constrict         |    11 |    14 ||    25
         Tentacles         |     5 |     9 ||    14
         Punch             |     1 |     2 ||     3
Ability: Begin Untransform |     2 |       ||     2
   Stab: Sleeping          |    11 |     5 ||    16
 Armour: Skin              |     5 |     5 ||    10
  Dodge: Dodged            |    21 |    31 ||    52
   Form: Beast             |     1 |       ||     1

Table legend: (Time is in decaauts)
 A = Elapsed time spent in this place.
 B = Non-inter-level travel time spent in this place.
 C = Inter-level travel time spent in this place.
 D = Time resting spent in this place.
 E = Time spent auto-exploring this place.
 F = Levels seen in this place.
 G = Mean time per level.
                   A        B        C        D        E       F      G
               +--------+--------+--------+--------+--------+-----+--------+
         Total |   2422 |   2311 |    111 |    202 |   1633 |   4 |  605.5 |
       Dungeon |   2422 |   2311 |    111 |    202 |   1633 |   4 |  605.5 |
               +--------+--------+--------+--------+--------+-----+--------+

Top non-repeatable levels by time:
     D:2: 942 daAuts
     D:3: 858 daAuts
     D:1: 379 daAuts
     D:4: 241 daAuts
